 Dungeon Crawl Stone Soup version 0.20-a0-470-gbb038bd (webtiles) character file.

56 Amnesiac the Vexing (level 3, -8/24 HPs)
             Began as a Mummy Enchanter on Jan 13, 2017.
             Mangled by DEFE's ghost (11 damage)
             ... in a sewer.
             The game lasted 00:04:30 (2011 turns).

Amnesiac the Vexing (Mummy Enchanter)               Turns: 2011, Time: 00:04:30

Health: -8/24      AC:  5    Str: 11    XL:     3   Next: 71%
Magic:  1/8        EV: 10    Int: 15    God:
Gold:   67         SH:  0    Dex: 12    Spells: 2/9 levels left

rFire  x . .     SeeInvis .     d - +0 scimitar
rCold  + . .     Gourm    .     e - +0 ring mail
rNeg   + + +     Faith    .     (no shield)
rPois  ∞         Spirit   .     (no helmet)
rElec  .         Reflect  .     (no cloak)
rCorr  .         Harm     .     (no gloves)
MR     .....                    (no boots)
Stlth  +.........               (no amulet)
                                (no ring)
                                (no ring)

@: very slightly contaminated
A: no food or potions, fire vulnerability, cold resistance 1, negative energy
resistance 3, torment resistance, unbreathing
a: no special abilities


You were in a sewer.
You were not hungry.

You visited 1 branch of the dungeon, and saw 4 of its levels.
You also visited: Sewer.

You collected 67 gold pieces.

Inventory:

Hand Weapons
 a - a +1 dagger
 d - a +0 scimitar (weapon)
Armour
 b - a +0 robe
 e - a +0 ring mail (worn)
Jewellery
 f - an uncursed amulet of the gourmand
Books
 c - a book of Maledictions

   Spells                             Type                      Level
   a - Corona                         Hexes                        1
   b - Ensorcelled Hibernation        Hexes/Ice                    2
   c - Confuse                        Hexes                        3
   d - Tukima's Dance                 Hexes                        3
   e - Dazzling Spray                 Conjuration/Hexes            3


   Skills:
 - Level 0.7 Short Blades
 - Level 1.5 Dodging
 - Level 2.4 Stealth
 + Level 3.6 Spellcasting
 * Level 3.8 Hexes


You had 2 spell levels left.
You knew the following spells:

 Your Spells              Type           Power        Failure   Level  Hunger
e - Confuse               Hex            ##......     30%         3    N/A
f - Corona                Hex            ##.....      12%         1    N/A
w - Tukima's Dance        Hex            ##......     30%         3    N/A

Dungeon Overview and Level Annotations

Branches:
Dungeon (4/15)
 Temple: D:4-7

Altars:
Kikubaaqudgha

Annotations:
Sewer DEFE's ghost, amateur DEGl


Innate Abilities, Weirdness & Mutations

You do not eat or drink.
Your flesh is vulnerable to fire.
You are immune to poison.
Your flesh is cold resistant. (rC+)
You are immune to negative energy. (rN+++)
You are immune to unholy pain and torment.
You can survive without breathing.


Message History

Casting: Confuse
Confirm with . or Enter, or press ? or * to list all spells.
Aiming: Confuse
Press: ? - help, Shift-Dir - straight line, f/p - DEFE's ghost
Aim: DEFE's ghost (moderately damaged, chance to defeat MR: 33%) DEFE's ghost appears confused.
You slash DEFE's ghost!
DEFE's ghost is severely damaged.
You hit DEFE's ghost.
DEFE's ghost is severely damaged.
You hit DEFE's ghost.
DEFE's ghost is almost destroyed.
DEFE's ghost hits you.
* * * LOW HITPOINT WARNING * * *
You hit DEFE's ghost but do no damage.
DEFE's ghost is almost destroyed.
You hit DEFE's ghost.
DEFE's ghost is almost destroyed.
DEFE's ghost seems less confused.
DEFE's ghost hits you!
You die...

#......≈≈≈≈≈≈
#....########
##...#### #....#!!#
#....'!!# #...#####
##...##
#..W.##############
#.@....≈≈≈≈≈≈≈≈.≈≈≈
#.....≈≈≈≈≈≈≈≈≈≈≈≈≈
#......≈≈≈≈÷≈≈≈≈≈≈≈
##.....≈≈≈≈≈≈≈≈≈≈≈≈
##.÷.÷≈≈≈≈≈≈≈≈≈≈≈≈
###.#≈≈≈≈≈≈≈≈≈≈≈≈
###############


You could see DEFE's ghost.

Vanquished Creatures
  An adder (Sewer)
  3 river rats (Sewer)
  A giant cockroach (D:4)
  2 hobgoblins
  A quokka (D:3)
  5 ball pythons
  2 frilled lizards (Sewer)
  11 rats (Sewer)
26 creatures vanquished.

Notes
Turn   | Place    | Note
-------+----------+-------------------------------------------
     0 | D:1      | Amnesiac the Mummy Enchanter began the quest for the Orb.
     0 | D:1      | Reached XP level 1. HP: 13/13 MP: 4/4
   523 | D:4      | Found an ancient bone altar of Kikubaaqudgha.
   550 | D:4      | Found a glowing drain.
   588 | D:4      | Noticed a worker ant
   591 | D:4      | Noticed an orc wizard
   620 | Sewer    | Entered a sewer
   905 | Sewer    | Reached XP level 2. HP: 19/19 MP: 4/6
  1190 | Sewer    | Reached XP level 3. HP: 3/24 MP: 2/7
  1192 | Sewer    | HP: 1/24 [rat (2)]
  1482 | Sewer    | Learned a level 3 spell: Confuse
  1486 | Sewer    | Learned a level 3 spell: Tukima's Dance
  1844 | Sewer    | Noticed DEFE's ghost (amateur DEGl)
  1920 | Sewer    | HP: 1/24 [DEFE's ghost (9)]
  2011 | Sewer    | Mangled by DEFE's ghost

Vault maps used:
D:1:      shiori_arrival_maze, serial_glass, glass_columns_b, glass_columns_c,
          minmay_misc_feat_doors, minivault_4
D:2:      grunt_qazlal_clouds, nicolae_gozag_seed_capital,
          minmay_misc_feat_nine_boxes
D:3:      uniq_crazy_yiuf_cottage
D:4:      minmay_diamond_boxcup, kiku_gazebo_garden_becter,
          portal_sewer_entry_a, first_bread, uniq_robin
Sewer:    sewer_minmay_w

Skill      XL: |  1 |
---------------+----+-----
Hexes          | 3 |  3.8
Spellcasting   | 3 |  3.6
Short Blades   | |  0.7
Dodging        | |  1.5
Stealth        | |  2.4

Action                   || total
-------------------------++-------
Melee: Dagger            ||    10
       Scimitar          ||    70
 Cast: Corona            ||    25
       Confuse           ||     7
  Use: Scroll            ||     1
Armor: Ring mail         ||    39
       Robe              ||     1
Dodge: Dodged            ||    67
       Rpst.: Scimitar   ||    18
